 Dungeon Crawl Stone Soup version 0.31-a0-1300-gb6740aa4e6 (webtiles) character file.

Game seed: 2443321041406613511

13 Pooter the Shooter (level 2, -2/25 HPs)
             Began as a Minotaur Hunter on Dec 19, 2023.
             Slain by a gnoll
             ... wielding a +0 spear
              (7 damage)
             ... on level 2 of the Dungeon.
             The game lasted 00:03:44 (867 turns).

Pooter the Shooter (Minotaur Hunter)                 Turns: 867, Time: 00:03:44

Health: -2/25      AC:  8    Str: 15    XL:     2   Next: 24%
Magic:  1/1        EV:  7    Int:  6    God:
Gold:   78         SH:  0    Dex: 13    Spells: 1/1 levels left

rFire   . . .        a - +0 short sword
rCold   . . .        (no shield)
rNeg    . . .        k - +0 chain mail
rPois   .            (helmet restricted)
rElec   .            (no cloak)
rCorr   .            (no gloves)
SInv    .            (no boots)
Will    .....        (no amulet) Stlth
                     (no ring)
HPRegen 0.24/turn    (no ring)
MPRegen 0.07/turn

%: no passive effects
@: no status effects
A: horns 2, retaliatory headbutt
a: no special abilities


You were on level 2 of the Dungeon.
You visited 1 branch of the dungeon, and saw 2 of its levels.

You collected 78 gold pieces.

Inventory:

Hand Weapons
 a - a +0 short sword (weapon)
   (You took it off a kobold on level 1 of the Dungeon)
 b - a +0 shortbow
Missiles
 Q - 20 stones
Armour
 c - a +0 leather armour
 d - a +0 tower shield
   (You found it on level 1 of the Dungeon)
 k - a +0 chain mail (worn)
   (You found it on level 2 of the Dungeon)
Jewellery
 h - a ring of ice
   (You found it on level 1 of the Dungeon)
Scrolls
 e - a scroll of butterflies
 i - a scroll of blinking {unknown}
 j - a scroll of fog {unknown}
Potions
 f - a potion of curing {unknown}
 g - a potion of might {unknown}


   Skills:
 + Level 2.8 Fighting
 * Level 4.8 Ranged Weapons
 - Level 2.1 Dodging
 - Level 0.7 Stealth


You had one spell level left.
You didn't know any spells.
Your spell library contained the following spells:

 Spells                   Type           Power      Damage    Failure   Level
 Freeze                   Ice            0%         1d3       100%        1
 Frozen Ramparts          Ice            0%         1d1       100%        3
 Hailstorm                Conj/Ice       0%         3d5       100%        3


Dungeon Overview and Level Annotations

Branches:
Dungeon (2/15) Zot: 11128

Altars:

Shops:
D:1 !


Innate Abilities, Weirdness & Mutations

You have a pair of horns on your head.
You reflexively headbutt those who attack you in melee.


Message History

You shoot an arrow. The arrow barely misses the hobgoblin.
You shoot an arrow. The arrow hits the hobgoblin!
You kill the hobgoblin!
Found a book of Frost.
A bat comes into view.
You shoot an arrow. The arrow hits the bat.
You shoot an arrow. The arrow hits the bat!
You kill the bat!
Found a chain mail.
You pick up a book of Frost and begin reading...
You add the spells Freeze, Frozen Ramparts and Hailstorm to your library.
Found an escape hatch in the floor.
You see here a +0 chain mail.
You start removing your armour.
You continue taking off your +0 leather armour. x4
You finish taking off your +0 leather armour.
You start putting on your armour.
You continue putting on your +0 chain mail. x5
You finish putting on your +0 chain mail.
There is an escape hatch in the floor here.
A gnoll comes into view. It is wielding a +0 flail.
The gnoll shouts!
You hear a shout!
The gnoll moves out of view.
You start waiting.
A gnoll comes into view. It is wielding a +0 spear.
An endoplasm comes into view.
Something hits the plant.
The plant begins to die.
Okay, then.
You shoot an arrow.
The arrow hits the gnoll but does no damage.
A gnoll comes into view. It is wielding a +0 halberd.
You shoot an arrow. The gnoll shouts!
The arrow hits the gnoll.
An endoplasm comes into view.
A gnoll comes into view. It is wielding a +0 whip.
The endoplasm hits something.
You shoot an arrow. The arrow barely misses the gnoll.
a - a +0 short sword (weapon)
The gnoll hits you with a +0 flail!
You hit the gnoll. You headbutt the gnoll.
The gnoll hits you from afar with a +0 spear.
The gnoll hits you with a +0 flail!
* * * LOW HITPOINT WARNING * * *
You are too injured to fight recklessly!
You are too injured to fight recklessly!
You hit the gnoll but do no damage. The gnoll hits you with a +0 flail.
* * * LOW HITPOINT WARNING * * *
The gnoll hits you from afar with a +0 spear!
You die...

#..###..##..#
#.#
#.......##..#
#.#
#............#
.>#
#.........###.
#........## #
#.#...#.##
...#...#.# ###
##>##.##
#....@##
######g#
#gJ..# #g##.#
#.. .. ... ...
.P.. .. .P.P .


..PJPg You could see 3 gnolls and an endoplasm.

Vanquished Creatures
  3 bats
  An endoplasm (D:1)
  A giant cockroach (D:1)
  2 goblins (D:1)
  2 hobgoblins
  A kobold (D:1)
10 creatures vanquished.

Notes
Turn   | Place    | Note
-------+----------+-------------------------------------------
     0 | D:1      | Pooter the Minotaur Hunter began the quest for the Orb.
     0 | D:1      | Reached XP level 1. HP: 18/18 MP: 0/0
   403 | D:1      | Reached XP level 2. HP: 25/25 MP: 1/1
   443 | D:1      | Found Xubaesysh's Distillery.
   867 | D:2      | Slain by a gnoll

Illustrated notes

Levels and vault maps discovered:
D:1:      sevenhm_arrival_forest_fort_large_4, layout_loops_corners,
          serial_shops, nicolae_shop_tiny_glass, chequers_serial_rivers_micro_c
D:2:      layout_loops_ring, serial_bayou_pond_a, nicolae_grassy_gnolls,
          uniq_terence

Action                     || total
---------------------------++-------
  Melee: Short sword       ||     3
         Headbutt          ||     1
   Fire: Shortbow          ||    26
 Armour: Leather armour    ||     1
         Chain mail        ||     5
  Dodge: Dodged            ||     6

Table legend: (Time is in decaauts)
 A = Elapsed time spent in this place.
 B = Non-inter-level travel time spent in this place.
 C = Inter-level travel time spent in this place.
 D = Time resting spent in this place.
 E = Time spent auto-exploring this place.
 F = Levels seen in this place.
 G = Mean time per level.
                   A        B        C        D        E       F      G
               +--------+--------+--------+--------+--------+-----+--------+
         Total |    870 |    853 |     17 |      0 |    740 |   2 |  435.0 |
       Dungeon |    870 |    853 |     17 |      0 |    740 |   2 |  435.0 |
               +--------+--------+--------+--------+--------+-----+--------+

Top non-repeatable levels by time:
     D:1: 811 daAuts
     D:2: 59 daAuts
